 Dungeon Crawl Stone Soup version 0.27-a0-448-gace5c5693b (webtiles) character file.

Game seed: 11713673548871810912

696 srzhan31 the Magician (level 7, -5/36 HPs)
             Began as a Deep Elf Fire Elementalist on Feb 28, 2021.
             Was a Follower of Sif Muna.
             Killed by divine providence
             ... invoked by an orc priest
              (15 damage)
             ... on level 4 of the Dungeon.
             The game lasted 00:25:00 (3234 turns).

srzhan31 the Magician (Deep Elf Fire Elementalist)  Turns: 3234, Time: 00:25:01

Health: -5/36      AC:  4    Str:  5    XL:     7   Next: 37%
Magic:  6/19       EV: 15    Int: 22    God:    Sif Muna [*.....]
Gold:   198        SH:  5    Dex: 21    Spells: 15/19 levels left

rFire    . . .     SeeInvis .   t - +1 hunting sling (freeze)
rCold    . . .     Faith    .   (no shield)
rNeg     . . .     Spirit   .   a - +1 robe
rPois    .         Reflect  +   r - +0 helmet
rElec    .         Harm     .   (no cloak)
rCorr    .         Rampage  .   (no gloves)
Will     .....                  (no boots)
Stlth    +++.......             n - amulet of reflection
HPRegen  0.12/turn              p - +6 ring of dexterity
MPRegen  0.16/turn              (no ring)

@: no status effects
A: no striking features
a: Renounce Religion, Channel Magic


You were on level 4 of the Dungeon.
You worshipped Sif Muna.
Sif Muna was aware of your devotion.
You visited 1 branch of the dungeon, and saw 4 of its levels.

You collected 198 gold pieces.

Inventory:

Hand Weapons
 q - a +0 whip
 t - a +1 hunting sling of freezing (weapon)
Armour
 a - a +1 robe (worn)
 r - a +0 helmet (worn)
Jewellery
 c - an amulet of faith
 n - an amulet of reflection (around neck)
 p - a +6 ring of dexterity (left hand)
 s - a +6 ring of strength
Scrolls
 e - 3 scrolls of identify
 f - 3 scrolls of enchant weapon
 i - 2 scrolls of enchant armour
 j - 5 scrolls of noise
 o - 2 scrolls of teleportation {unknown}
 v - a scroll of magic mapping
 w - a scroll of fear {unknown}
Potions
 b - a potion of might {unknown}
 d - a potion of berserk rage {unknown}
 g - 3 potions of brilliance {unknown}
 h - a potion of ambrosia {unknown}
 k - 2 potions of heal wounds {unknown}
 l - 2 potions of attraction {unknown}
 m - 3 potions of curing {unknown}
 u - 2 potions of mutation {unknown}


   Skills:
 + Level 3.9 Dodging
 + Level 3.1 Stealth
 + Level 1.1 Unarmed Combat
 + Level 6.7 Spellcasting
 + Level 4.4 Conjurations
 + Level 5.3 Fire Magic


You had 15 spell levels left.
You knew the following spells:

 Your Spells              Type           Power        Failure   Level
a - Foxfire               Conj/Fire      100%         1%          1
b - Conjure Flame         Conj/Fire      28%          3%          3

Your spell library contained the following spells:

 Spells                   Type           Power        Failure   Level
 Inner Flame              Hex/Fire       19%          9%          3
 Sticky Flame             Conj/Fire      28%          11%         4
 Fireball                 Conj/Fire      14%          30%         5


Dungeon Overview and Level Annotations

Branches:
Dungeon (4/15)
 Temple: D:4-7

Altars:
Ashenzari
Dithmenos
Sif Muna
Vehumet
The Shining One


Message History

The orc priest calls down the wrath of Beogh upon you.
You struggle to resist.
The orc priest completely misses you.
Casting: Foxfire (safe; 1% risk of failure)
Press: ? - help, Q - select action, (/) - cycle Dir - look around, f - activate You conjure some foxfire!
The foxfire hits the orc.
The orc is severely wounded.
The foxfire hits the orc priest!
You kill the orc priest!
Sif Muna accepts your kill. The orc misses you.
The orc priest completely misses you.
Casting: Foxfire (safe; 1% risk of failure)
Press: ? - help, Q - select action, (/) - cycle Dir - look around, f - activate You conjure some foxfire!
The foxfire hits the orc but does no damage.
The orc is severely wounded.
The foxfire hits the orc.
The orc is severely wounded.
The orc hits you but does no damage.
Casting: Foxfire (safe; 1% risk of failure)
Press: ? - help, Q - select action, (/) - cycle Dir - look around, f - activate You conjure some foxfire!
The foxfire hits the orc priest.
The orc priest is lightly wounded.
The foxfire hits the orc priest.
The orc priest is lightly wounded.
The orc priest hits you with a +0 mace.
* * * LOW HITPOINT WARNING * * *
You block the orc priest's attack.
An orc comes into view. It is wielding a +0 falchion.
You block the orc's attack.
Your magical contamination has completely faded away.
Unknown command.
Your foxfire dissipates!
The foxfire hits the orc!
You kill the orc!
Sif Muna accepts your kill.
The orc priest mumbles some strange prayers to Beogh against you.
Beogh smites you!
You die...

............## ...o.
.............# ......
....).......## ......
............# #....
...........## ####.)#
...........#####..>..#
..........###....o.).#
........#........o...#
######........#.@....##
##.......#######<.....##
.....##### ##......#
..### #......# ..#
##.....# .## ##...## .#
##..# .# #..# ## ##.#


You could see 2 orc priests.

Vanquished Creatures
  Sigmund (D:2)
  An ogre (D:4)
  A howler monkey (D:4)
  A hound (D:4)
  An orc priest (D:4)
  2 bullfrog skeletons (D:4)
  4 orc wizards (D:4)
  4 gnolls (D:4)
  6 adders
  2 oozes
  An adder zombie (D:4)
  4 worms
  5 dart slugs
  2 orcs (D:4)
  7 bats
  3 giant cockroaches (D:2)
  10 goblins
  8 hobgoblins
  3 jackals (D:2)
  2 quokkas (D:2)
  A ball python (D:3)
  7 frilled lizards
  A giant cockroach zombie (D:3)
  8 kobolds
  4 rats
89 creatures vanquished.

Vanquished Creatures (others)
  293 foxfires
293 creatures vanquished.

Grand Total: 382 creatures vanquished

Notes
Turn   | Place    | Note
-------+----------+-------------------------------------------
     0 | D:1      | srzhan31 the Deep Elf Fire Elementalist began the quest for
                  | the Orb.
     0 | D:1      | Reached XP level 1. HP: 10/10 MP: 6/6
   160 | D:1      | Reached XP level 2. HP: 8/15 MP: 0/8
   657 | D:1      | Reached XP level 3. HP: 19/19 MP: 7/9
   661 | D:1      | Learned a level 3 spell: Conjure Flame
  1207 | D:2      | Found a shimmering blue altar of Sif Muna.
  1215 | D:2      | Became a worshipper of Sif Muna the Loreminder
  1231 | D:2      | Found a radiant altar of Vehumet.
  1309 | D:2      | Found a shadowy altar of Dithmenos.
  1377 | D:2      | Noticed Sigmund
  1395 | D:2      | Killed Sigmund
  1396 | D:2      | Reached skill level 4 in Spellcasting
  1396 | D:2      | Reached XP level 4. HP: 7/24 MP: 3/12
  1396 | D:2      | Reached XP level 5. HP: 8/28 MP: 3/14
  1517 | D:2      | Reached skill level 5 in Spellcasting
  2209 | D:3      | Reached * piety under Sif Muna
  2223 | D:3      | Reached XP level 6. HP: 32/32 MP: 12/15
  2313 | D:3      | Found a broken altar of Ashenzari.
  2644 | D:4      | Reached skill level 1 in Unarmed Combat
  2800 | D:4      | Reached skill level 6 in Spellcasting
  2972 | D:4      | Reached skill level 5 in Fire Magic
  2972 | D:4      | Reached XP level 7. HP: 24/36 MP: 12/18
  3117 | D:4      | Found a glowing golden altar of the Shining One.
  3234 | D:4      | Killed from afar by an orc priest

Illustrated notes

Levels and vault maps discovered:
D:1:      tarquinn_simple_flora_water_b, layout_loops_ring
D:2:      layout_rooms, nicolae_overflow_quartered_altars, uniq_sigmund
D:3:      layout_rooms, evilmike_ruin_ashenzari
D:4:      minmay_thinvault, layout_cave_pods, gammafunk_temple_overflow_wave,
          serial_shops, shop, lemuel_tele_altar

Skill      XL: |  1  2  3  4  5  6  7 |
---------------+----------------------+-----
Fire Magic     | 4 5 |  5.3
Stealth        | 3 |  3.1
Dodging        | 3 |  3.9
Spellcasting   | 4 5 6 |  6.7
Conjurations   | 2 3 4 |  4.4
Unarmed Combat | 1 |  1.1

Action                   |  1- 3 |  4- 6 |  7- 9 || total
-------------------------+-------+-------+-------++-------
Melee: Unarmed           |    14 |     5 |       ||    19
 Cast: Foxfire           |    79 |    88 |    37 ||   204
       Conjure Flame     |     2 |     2 |       ||     4
  Use: Scroll            |       |     7 |       ||     7
Armor: Robe              |    13 |     4 |     2 ||    19
Dodge: Dodged            |    45 |    21 |     8 ||    74
Block: Other             |     1 |     6 |     4 ||    11
       Reflection        |       |     1 |       ||     1

Table legend: (Time is in decaauts)
 A = Elapsed time spent in this place.
 B = Non-inter-level travel time spent in this place.
 C = Inter-level travel time spent in this place.
 D = Time resting spent in this place.
 E = Time spent auto-exploring this place.
 F = Levels seen in this place.
 G = Mean time per level.
                   A        B        C        D        E       F      G
               +--------+--------+--------+--------+--------+-----+--------+
         Total |   3233 |   3233 |      0 |      0 |      0 |   4 |  808.2 |
       Dungeon |   3233 |   3233 |      0 |      0 |      0 |   4 |  808.2 |
               +--------+--------+--------+--------+--------+-----+--------+

Top non-repeatable levels by time:
     D:1: 1119 daAuts
     D:2: 771 daAuts
     D:3: 724 daAuts
     D:4: 618 daAuts
